 Dungeon Crawl Stone Soup version 0.30-a0-310-g7d6cbdfea6 (webtiles) character file.

Game seed: 12709061222032736083

617 bande the Chopper (level 7, -1/44 HPs)
             Began as a Gargoyle Fighter on Oct 25, 2022.
             Slain by a wight
             ... wielding a +4 long sword
              (7 damage)
             ... on level 4 of the Dungeon.
             The game lasted 00:08:08 (4293 turns).

bande the Chopper (Gargoyle Fighter)                Turns: 4293, Time: 00:08:08

Health: -1/44      AC: 19    Str: 20    XL:     7   Next: 45%
Magic:  7/7        EV:  7    Int:  8    God:
Gold:   175        SH:  4    Dex: 11    Spells: 6/6 levels left

rFire   . . .      SeeInvis .    a - +0 war axe
rCold   . . .      Faith    .    c - +0 buckler
rNeg    + . .      Spirit   .    b - +1 chain mail {Will+}
rPois   ∞          Reflect  .    m - +1 helmet
rElec   +          Harm     .    (no cloak)
rCorr   .          Rampage  .    f - +0 pair of gloves
Will    +....                    (no boots)
Stlth   ..........               (no amulet)
HPRegen 0.27/turn                (no ring)
MPRegen 0.10/turn                (no ring)

@: no status effects
A: sickness immunity, AC +4, negative energy resistance 1, electricity
resistance, torment resistance 1, petrification resistance
a: no special abilities


You were on level 4 of the Dungeon.
You visited 1 branch of the dungeon, and saw 4 of its levels.

You collected 175 gold pieces.

Inventory:

Hand Weapons
 a - a +0 war axe (weapon)
 j - a +0 flail
Armour
 b - a +1 chain mail of willpower (worn)
 c - a +0 buckler (worn)
 f - a +0 pair of gloves (worn)
 m - a +1 helmet (worn)
Wands
 i - a wand of charming (19)
 l - a wand of mindburst (5)
 o - a wand of flame (9)
 p - a wand of digging (5)
Potions
 d - a potion of might
 e - 5 potions of curing
 g - a potion of cancellation {unknown}
 h - a potion of mutation {unknown}
 k - 2 potions of ambrosia
 q - a potion of brilliance {unknown}


   Skills:
 + Level 4.5 Fighting
 + Level 5.1 Axes
 + Level 5.0 Armour
 + Level 4.1 Shields
 * Level 1.9 Evocations


You had 6 spell levels left.
You didn't know any spells.
Your spell library contained the following spells:

 Spells                   Type           Power      Damage    Failure   Level
 Kiss of Death            Conj/Necr      0%         2d5       99%         1
 Confusing Touch          Hex            0%         N/A       100%        3
 Dispel Undead            Necr           0%         3d6       100%        4


Dungeon Overview and Level Annotations

Branches:
Dungeon (4/15)
 Temple: D:4-7

Altars:
Ashenzari
Cheibriados
Kikubaaqudgha


Innate Abilities, Weirdness & Mutations

You are immune to sickness and miasma.
Your stone body is resilient. (AC +4)
You are immune to poison.
You resist negative energy. (rN+)
You are resistant to electric shocks. (rElec)
You are resistant to unholy torment.
You are immune to petrification.


Message History

The wight hits you with a +0 short sword.
You closely miss the wight. The wight barely misses you.
You slash the wight!
The wight is almost destroyed.
The wight hits you but does no damage. x2
You slash the wight!
You destroy the wight!
Your Armour skill increases to level 5!
You slash the wight!
The wight is heavily damaged.
You hit the wight but do no damage. You block the wight's attack.
The wight hits you but does no damage.
You hit the wight.
The wight is almost destroyed.
You hit the wight. The wight hits you but does no damage.
The wight hits you with a +4 long sword!
The wight hits you with a +3 spear of freezing!
The wight freezes you. The wight hits you but does no damage.
You are too injured to fight recklessly!
You are too injured to fight recklessly!
You are too injured to fight recklessly!
You are too injured to fight recklessly!
You are too injured to fight recklessly!
You are too injured to fight recklessly!
You are too injured to fight recklessly!
You are too injured to fight recklessly!
Unknown command.
You hit the wight but do no damage.
The wight is moderately damaged.
You hit the wight.
The wight hits you with a +3 spear of freezing!
The wight freezes you.
* * * LOW HITPOINT WARNING * * *
The wight hits you with a +4 long sword.
* * * LOW HITPOINT WARNING * * *
You hit the wight.
The wight is heavily damaged.
You closely miss the wight. The wight hits you but does no damage.
The wight hits you with a +4 long sword!
You die...

#.## #.# ... ..# #. .>#
.## #.. #.# .#########..
#.########
.........#..###......?.#
!..###.#.#.............#
.<...#.#.#.......z.....#
.......#.####...@z.....#
...............#)......#
...##..#.#.÷...........#
#..............#.......#
#.####.##.....##.#######
#.. #.. #..#......
...#.. .......##..# .##.
###.........# ..
#.##.###


You could see 2 wights.

Vanquished Creatures
  Grinder (D:2)
  A wight (D:4)
  A jelly (D:4)
  Jessica (D:3)
  Natasha (thrice) (D:2)
  Terence (D:3)
  An iguana (D:4)
  4 orc wizards
  Robin (D:2)
  A gnoll (D:1)
  4 worms
  2 dart slugs
  10 orcs
  5 endoplasms
  A giant cockroach (D:1)
  15 goblins
  4 hobgoblins
  6 kobolds
  A quokka (D:2)
  2 ball pythons (D:2)
  3 frilled lizards
  7 rats
75 creatures vanquished.

Notes
Turn   | Place    | Note
-------+----------+-------------------------------------------
     0 | D:1      | bande the Gargoyle Fighter began the quest for the Orb.
     0 | D:1      | Reached XP level 1. HP: 14/14 MP: 1/1
   146 | D:1      | Reached XP level 2. HP: 19/19 MP: 2/2
   296 | D:1      | Reached XP level 3. HP: 24/24 MP: 3/3
   783 | D:2      | Reached XP level 4. HP: 6/29 MP: 4/4
  1125 | D:2      | Noticed Robin
  1134 | D:2      | Killed Robin
  1399 | D:2      | Noticed Natasha
  1405 | D:2      | Killed Natasha
  1406 | D:2      | Reached XP level 5. HP: 28/33 MP: 5/5
  2007 | D:2      | Noticed Natasha
  2017 | D:2      | Killed Natasha
  2432 | D:2      | Noticed Natasha
  2443 | D:2      | Killed Natasha
  2535 | D:3      | Noticed Grinder
  2535 | D:3      | Noticed Jessica
  2546 | D:2      | Killed Grinder
  2547 | D:2      | Reached skill level 1 in Evocations
  2547 | D:2      | Reached XP level 6. HP: 23/39 MP: 6/6
  2925 | D:3      | Killed Jessica
  3189 | D:3      | Noticed Terence
  3212 | D:3      | Killed Terence
  3213 | D:3      | Reached XP level 7. HP: 41/44 MP: 7/7
  3737 | D:4      | Reached skill level 5 in Axes
  3858 | D:4      | Found an ancient bone altar of Kikubaaqudgha.
  3860 | D:4      | Found a snail-covered altar of Cheibriados.
  3866 | D:4      | Found a broken altar of Ashenzari.
  4289 | D:4      | Reached skill level 5 in Armour
  4293 | D:4      | Slain by a wight

Illustrated notes

Levels and vault maps discovered:
D:1:      dpeg_arrival_morbid_curiosity, layout_rooms
D:2:      kennysheep_big_flooded_room, layout_loops_corners,
          hangedman_glass_teeth, uniq_natasha, uniq_robin
D:3:      layout_rooms, uniq_grinder, uniq_jessica, uniq_terence
D:4:      layout_loops_cross, chequers_temple_overflow_statue_of_worship,
          kennysheep_mini, minmay_temple_entry_large_hall, minivault_5

Skill      XL: |  1  2  3  4  5  6  7 |
---------------+----------------------+-----
Axes           | 2 3 4 5 |  5.1
Armour         | 4 5 |  5.0
Fighting       | 4 |  4.5
Shields        | 4 |  4.1
Evocations     | 1 |  1.9

Action                   |  1- 3 |  4- 6 |  7- 9 || total
-------------------------+-------+-------+-------++-------
Melee: War axe           |    81 |   105 |    73 ||   259
  Use: Scroll            |     2 |     6 |       ||     8
Armor: Scale mail        |    25 |       |       ||    25
       Chain mail        |    31 |    85 |    42 ||   158
Dodge: Dodged            |    32 |    45 |    12 ||    89
Block: Buckler           |    21 |    14 |    11 ||    46

Table legend: (Time is in decaauts)
 A = Elapsed time spent in this place.
 B = Non-inter-level travel time spent in this place.
 C = Inter-level travel time spent in this place.
 D = Time resting spent in this place.
 E = Time spent auto-exploring this place.
 F = Levels seen in this place.
 G = Mean time per level.
                   A        B        C        D        E       F      G
               +--------+--------+--------+--------+--------+-----+--------+
         Total |   4395 |   4359 |     36 |   1105 |   1728 |   4 | 1098.8 |
       Dungeon |   4395 |   4359 |     36 |   1105 |   1728 |   4 | 1098.8 |
               +--------+--------+--------+--------+--------+-----+--------+

Top non-repeatable levels by time:
     D:2: 2563 daAuts
     D:4: 782 daAuts
     D:1: 570 daAuts
     D:3: 478 daAuts
